 Dungeon Crawl Stone Soup version 0.27.1-2-g3b301248ec (webtiles) character file.

Game seed: 3616904912904543096

143 Descartes the Covert (level 5, 0/27 HPs)
             Began as a Spriggan Delver on Oct 3, 2021.
             Succumbed to an adder's poison
             ... on level 4 of the Dungeon.
             The game lasted 00:02:02 (813 turns).

Descartes the Covert (Spriggan Delver)               Turns: 813, Time: 00:02:02

Health: 0/27       AC:  2    Str:  9    XL:     5   Next: 4%
Magic:  6/6        EV: 18    Int: 11    God:
Gold:   31         SH:  0    Dex: 17    Spells: 4/4 levels left

rFire    . . .     SeeInvis +   a - +0 short sword
rCold    . . .     Faith    .   (shield restricted)
rNeg     . . .     Spirit   .   b - +0 robe
rPois    .         Reflect  .   (helmet restricted)
rElec    .         Harm     .   (no cloak)
rCorr    .         Rampage  .   (gloves unavailable)
Will     .....                  (boots unavailable)
Stlth    +++++.....             (no amulet)
HPRegen  0.09/turn              (no ring)
MPRegen  0.10/turn              (no ring)

@: lethally poisoned (0 -> -3), very quick
A: very small, no large weapons, unfitting armour, see invisible, speed 3
a: no special abilities


You were on level 4 of the Dungeon.
You visited 1 branch of the dungeon, and saw 3 of its levels.

You collected 31 gold pieces.

Inventory:

Hand Weapons
 a - a +0 short sword (weapon)
Armour
 b - a +0 robe (worn)
Jewellery
 k - a ring of resist corrosion
Wands
 g - a wand of digging (3)
Scrolls
 c - a scroll of fog
 d - a scroll of magic mapping
 e - a scroll of fear
 h - a scroll of noise {unknown}
Potions
 f - a potion of haste
 i - a potion of cancellation {unknown}
 j - 2 potions of degeneration {unknown}


   Skills:
 - Level 2.4 Fighting
 + Level 2.3 Short Blades
 + Level 3.3 Dodging
 + Level 10.2 Stealth


You had 4 spell levels left.
You didn't know any spells.
Your spell library was empty.

Dungeon Overview and Level Annotations

Branches:
Dungeon (6/15)
 Temple: D:4-7

Altars:


Innate Abilities, Weirdness & Mutations

You are very small and have problems with some larger weapons.
You are too small for most types of armour.
You have supernaturally acute eyesight. (SInv)
You cover ground extremely quickly. (Speed+++)


Message History

Found a stone staircase leading down.
An iguana comes into view.
You miss the adder. The adder misses you.
A jackal comes into view.
You miss the adder. The adder bites you.
You are poisoned.
The adder poisons you! The adder closely misses you.
You closely miss the adder.
You feel sick.
A jackal comes into view.
The jackal bites you. The adder closely misses you.
You are too injured to fight recklessly!
You are too injured to fight recklessly!
Unknown command.
You feel sick.
You feel sick.
You feel sick.
You feel sick.
You feel sick.
There is a stone staircase leading down here.
You feel sick.
You are no longer poisoned.
The jackal bites you.
* * * LOW HITPOINT WARNING * * *
You hit the jackal.
The jackal is severely wounded.
The jackal bites you.
* * * LOW HITPOINT WARNING * * *
You hit the jackal.
You kill the jackal!
The adder bites you.
* * * LOW HITPOINT WARNING * * *
You are lethally poisoned!
The adder poisons you!
You hit the adder.
The adder is moderately wounded.
* * * LOW HITPOINT WARNING * * *
You feel sick. The adder closely misses you.
Unknown command.
A worm comes into view.
You die...

#### . #... .. #... w..
#######... ....
......#... .....
##########.....
......####..........>...
.......@.S.#########..).
......###### #......
....# #...#### ... ...#.
#. . ..###. ... # #####.
#.


You could see a worm (asleep) and an adder.

Vanquished Creatures
  An ogre (D:6)
  A bullfrog zombie (D:6)
  An adder (D:5)
  2 adder zombies (D:5)
  A dart slug (D:4)
  An orc (D:6)
  A jackal (D:4)
  2 ball pythons (D:4)
  2 kobolds (D:4)
12 creatures vanquished.

Notes
Turn   | Place    | Note
-------+----------+-------------------------------------------
     0 | D:5      | Descartes the Spriggan Delver began the quest for the Orb.
     0 | D:5      | Reached XP level 1. HP: 11/11 MP: 2/2
    11 | D:5      | Noticed a hound
   348 | D:5      | Reached skill level 8 in Stealth
   348 | D:5      | Reached XP level 2. HP: 14/16 MP: 3/3
   397 | D:6      | Noticed an ogre
   402 | D:6      | Killed an ogre
   403 | D:6      | Reached skill level 10 in Stealth
   403 | D:6      | Reached XP level 3. HP: 19/19 MP: 4/4
   403 | D:6      | Reached XP level 4. HP: 23/23 MP: 5/5
   473 | D:6      | Noticed a necrophage
   547 | D:4      | Reached XP level 5. HP: 15/27 MP: 6/6
   812 | D:4      | HP: 1/27 [poisoned by an adder]
   813 | D:4      | Succumbed to an adder's poison

Illustrated notes

Levels and vault maps discovered:
D:4:      layout_rooms, minmay_temple_entry_offerings
D:5:      layout_basic, nzn_random_ring
D:6:      layout_cave_pools, mainiacjoe_overflow_brackets

Skill      XL: |  1  2  3  4 |
---------------+-------------+-----
Stealth        | 8 10 | 10.2
Dodging        | 3 |  3.3
Fighting       | |  2.4
Short Blades   | |  2.3

Action                   |  1- 3 |  4- 6 || total
-------------------------+-------+-------++-------
Melee: Short sword       |    17 |    40 ||    57
 Stab: Sleeping          |     2 |     2 ||     4
Armor: Robe              |       |     2 ||     2
Dodge: Dodged            |    15 |    29 ||    44
